AoeStats
← czk5959

Arena

507884249Analyzed
2v2 RM · 13d ago on Sep 20, 2026· 24m 53s· 4 players
Game mode
Random Map
Map size
Medium (4 player)
Population
200
Speed
Normal
Resources
Standard
Victory
Conquest
Starting age
Dark Age
Ending age
Imperial Age
RankedLock teamsTeams togetherTeam positionsShared explorationLock speedFull tech treeHidden civsTurbo modeCheats
Victory
Defeat
🇦🇷 Bohemians · Argentina
1311
+16
🇨🇱 Armenians · Chile
1310
+16
🇺🇸 Goths · United States
1303
-16
🇺🇸 Turks · United States
1303
-16
czk5959
11:48 Feudal Age
15:19 Castle Age
14:01 Double-Bit Axe
15:46 Horse Collar
Carver605
12:06 Feudal Age
15:49 Castle Age
13:46 Double-Bit Axe
13:59 Horse Collar
14:01 Man-at-Arms
16:20 Scale Mail Armor
17:16 Town Watch
20:17 Squires
20:49 Loom
21:08 Long Swordsman
CLOUS
6:18 Loom
10:22 Feudal Age
15:03 Castle Age
13:46 Double-Bit Axe
13:49 Horse Collar
16:34 Bow Saw
20:26 Town Watch
20:27 Loom
23:17 Wheelbarrow
larry fisherman
10:11 Feudal Age
11:26 Loom
14:43 Castle Age
13:46 Double-Bit Axe
13:44 Horse Collar
16:05 Scale Mail Armor
Connection lost

Rejoining the realm…

Still unreachable

The connection could not be restored.

Session expired

The server has moved on; the page needs a fresh start.